 Dungeon Crawl Stone Soup version 0.23.1 (webtiles) character file.

Game seed: 3328818310623806798

67 Norn the Poker (level 4, -18/34 HPs)
             Began as a Merfolk Skald on Mar 10, 2019.
             Demolished by a gnoll
             ... wielding a +4 halberd
              (20 damage)
             ... on level 2 of the Dungeon.
             The game lasted 00:04:36 (2603 turns).

Norn the Poker (Merfolk Skald)                      Turns: 2603, Time: 00:04:36

Health: -18/34     AC:  3    Str: 11    XL:     4   Next: 16%
Magic:  5/7        EV: 13    Int: 13    God:
Gold:   25         SH:  0    Dex: 13    Spells: 1/7 levels left

rFire    . . .     SeeInvis .   a - +0 spear
rCold    . . .     Gourm    .   (no shield)
rNeg     . . .     Faith    .   b - +0 leather armour
rPois    .         Spirit   .   (no helmet)
rElec    .         Reflect  .   (no cloak)
rCorr    .         Harm     .   (no gloves)
MR       .....                  (no boots)
Stlth    +.........             (no amulet)
HPRegen  0.11/turn              (no ring)
MPRegen  0.10/turn              (no ring)

@: no status effects
A: change form in water, swift swim, stealthy swim
a: no special abilities


You were on level 2 of the Dungeon.
You were not hungry.

You visited 1 branch of the dungeon, and saw 2 of its levels.

You collected 25 gold pieces.

Inventory:

Hand Weapons
 a - a +0 spear (weapon)
Armour
 b - a +0 leather armour (worn)
Scrolls
 i - a scroll of teleportation {unknown}
 j - 2 scrolls of identify {unknown}
Potions
 d - a potion of degeneration {unknown}
 f - a potion of curing {unknown}
 g - a potion of haste {unknown}
 h - a potion of mutation {unknown}
Comestibles
 c - 4 chunks of flesh
 e - 4 rations {!d}


   Skills:
 + Level 2.8 Fighting
 * Level 4.6 Polearms
 - Level 0.6 Armour
 + Level 3.4 Dodging
 - Level 2.0 Spellcasting
 + Level 0.7 Hexes
 - Level 3.6 Charms


You had one spell level left.
You knew the following spells:

 Your Spells              Type           Power        Failure   Level  Hunger
a - Infusion              Chrm           ##..         8%          1    ##.....
q - Shroud of Golubria    Chrm/Tloc      #.........   24%         2    ###....
t - Spectral Weapon       Hex/Chrm       #.......     38%         3    ####...

Your spell library contained the following spells:

 Spells                   Type           Power        Failure   Level  Hunger
 Song of Slaying          Chrm           ##......     12%         2    ###....
 Regeneration             Chrm/Necr      #.........   43%         3    ####...


Dungeon Overview and Level Annotations

Branches:
Dungeon (2/15)

Altars:


Message History

You butcher the gnoll corpse.
c - 8 chunks of flesh (gained 4)
Things that are here:
a +0 spear; a +0 ring mail; a gnoll skeleton You start resting.
Your magical contamination has completely faded away.
Your spectral weapon fades away.
Some of the chunks of flesh in your inventory have rotted away.
You start resting.
Things that are here:
a +0 club; a +0 chain mail; a hobgoblin skeleton Eating one of 5 chunks of flesh.
You eat one of the 5 chunks of flesh.
Found a cloak.
Found 11 arrows.
You miscast Spectral Weapon.
You are very lightly contaminated with residual magic.
You hear an indistinct dissonance whispering inside your mind.
The gnoll shouts!
The gnoll barely misses you.
Attack whom?
Aim: a gnoll, wielding a +4 halberd You reach to attack!
You completely miss the gnoll.
Your magical contamination has completely faded away.
A gnoll is nearby!
You draw out your weapon's spirit!
Attack whom?
Aim: a gnoll, wielding a +4 halberd You could not reach far enough!
The gnoll hits you from afar with a +4 halberd!
Attack whom?
Aim: a gnoll, wielding a +4 halberd You could not reach far enough!
Attack whom?
Aim: a gnoll, wielding a +4 halberd You could not reach far enough!
The gnoll hits you from afar with a +4 halberd!
* * * LOW HITPOINT WARNING * * *
Attack whom?
Aim: a gnoll, wielding a +4 halberd You reach to attack!
You barely miss the gnoll.
Your spectral weapon completely misses the gnoll.
The gnoll hits you from afar with a +4 halberd!
* * * LOW HITPOINT WARNING * * *
The gnoll completely misses your spectral weapon.
Your spectral weapon shares its damage with you!
You feel your bond with your spectral weapon wane.
* * * LOW HITPOINT WARNING * * *
The gnoll hits you from afar with a +4 halberd!!
Ouch! That really hurt!
You die...

#. ... #. #'# #(#########
#.# #.......[.# #.#
#######.........# #.#
#...............# #.#
#.............>.### #.#
#..........@......# ##.#
#.................#
.#.###.......#g#.###...#
.....#.......#.#.# #...#
.............#.#.# #..<#
.....#.......#.#.# #..(#
.....#.........#.###...##
#....###'#.#####.#.<....#
#....# #.#.......#.#....#


You could see a gnoll.

Vanquished Creatures
  2 gnolls (D:2)
  A worm (D:2)
  3 dart slugs (D:1)
  2 giant cockroaches (D:2)
  3 goblins
  4 hobgoblins
  7 jackals
  2 kobolds
  A quokka (D:2)
  4 bats
  5 frilled lizards
  4 rats
38 creatures vanquished.

Vanquished Creatures (others)
  A spectral weapon (D:2)
1 creature vanquished.

Grand Total: 39 creatures vanquished

Notes
Turn   | Place    | Note
-------+----------+-------------------------------------------
     0 | D:1      | Norn the Merfolk Skald began the quest for the Orb.
     0 | D:1      | Reached XP level 1. HP: 16/16 MP: 3/3
    70 | D:1      | Reached XP level 2. HP: 12/23 MP: 0/5
   820 | D:1      | Reached XP level 3. HP: 28/28 MP: 6/6
  1257 | D:2      | Reached skill level 4 in Polearms
  1270 | D:2      | Learned a level 2 spell: Shroud of Golubria
  1274 | D:2      | Learned a level 3 spell: Spectral Weapon
  2324 | D:2      | Reached XP level 4. HP: 34/34 MP: 7/7
  2597 | D:2      | HP: 1/34 [something/+4 halberd (5)]
  2603 | D:2      | Demolished by a gnoll

Skill      XL: |  1  2  3 |
---------------+----------+-----
Dodging        | 3 |  3.4
Polearms       | 4 |  4.6
Fighting       | |  2.8
Armour         | |  0.6
Spellcasting   | |  2.0
Hexes          | |  0.7
Charms         | |  3.6

Action                   |  1- 3 |  4- 6 || total
-------------------------+-------+-------++-------
Melee: Spear             |   171 |     7 ||   178
 Cast: Infusion          |    14 |       ||    14
       Shroud of Golubri |     1 |       ||     1
       Spectral Weapon   |       |     2 ||     2
 Stab: Sleeping          |     1 |       ||     1
  Eat: Chunk             |     2 |     1 ||     3
       Ration            |     1 |       ||     1
Armor: Leather armour    |    28 |       ||    28
Dodge: Dodged            |    81 |     6 ||    87
